 Dungeon Crawl Stone Soup version 0.31.0-12-g77e489cdc1 (webtiles) character file.

Game seed: 17027394212710216644

58657 Ruich the Thaumaturge (level 14, -9/77 HPs)
             Began as a Felid Summoner on Feb 11, 2024.
             Was an Elder of Kikubaaqudgha.
             Killed by divine providence
             ... invoked by a smoke demon
             ... summoned by an orc high priest
              (15 damage)
             ... on level 2 of the Orcish Mines on Feb 12, 2024.
             The game lasted 01:53:27 (25255 turns).

Ruich the Thaumaturge (Felid Summoner)             Turns: 25255, Time: 01:53:27

Health: -9/77      AC:  5    Str:  8    XL:     14   Next: 50%
Magic:  26/31      EV: 23    Int: 20    God:    Kikubaaqudgha [****..]
Gold:   1609       SH:  0    Dex: 17    Spells: 4/37 levels left
                                        Lives:  0   Deaths: 5

rFire   . . .        (weapon unavailable)
rCold   + . .        (shield unavailable)
rNeg    + . .        (body armour unavailable)
rPois   .            (helmet unavailable)
rElec   .            (cloak unavailable)
rCorr   .            (gloves unavailable)
SInv    +            (boots unavailable)
Will    +++..        y - amulet of faith {!P}
Stlth   +++++        W - ring of willpower
HPRegen 0.32/turn    N - ring of positive energy
MPRegen 0.22/turn

%: faith
@: spiked
A: very small, claws 1, fangs 3, see invisible, shaggy fur 3, stealthy paws, no
weapons or thrown items, no armour, multi-lived, iridescent scales 1
a: Renounce Religion, Unearth Wretches


You were on level 2 of the Orcish Mines.
You worshipped Kikubaaqudgha.
Kikubaaqudgha was greatly pleased with you.
You visited 4 branches of the dungeon, and saw 19 of its levels.
You also visited: Bailey.

You collected 2089 gold pieces.
You spent 480 gold pieces at shops.


Innate Abilities, Weirdness & Mutations

You have sharp claws.
You have razor-sharp teeth.
You have supernaturally acute eyesight. (SInv)
Your thick and shaggy fur keeps you warm. (AC +3, rC+)
Your paws help you pounce on unaware monsters.
You are incapable of wielding weapons or throwing items.
You cannot wear armour.
You gain extra lives every three experience levels.
You are partially covered in iridescent scales. (AC +2)


   Skills:
 - Level 10.0 Fighting
 - Level 10.0 Dodging
 - Level 10.0 Stealth
 + Level 12.0 Spellcasting
 - Level 8.0 Hexes
 - Level 11.0 Summonings
 + Level 10.1 Necromancy
 - Level 5.0 Fire Magic
 - Level 5.0 Air Magic
 - Level 5.0 Earth Magic


You had 4 spell levels left.
You knew the following spells:

 Your Spells              Type           Power      Damage    Failure   Level
a - Animate Dead          Necr           51%        N/A       1%          4
b - Borgnjor's Vile Clut  Necr/Erth      21%        N/A       7%          5
c - Call Canine Familiar  Summ           54%        N/A       1%          3
l - Summon Lightning Spi  Summ/Air       44%        N/A       1%          4
n - Dispel Undead         Necr           51%        3d19      1%          4
v - Summon Mana Viper     Hex/Summ       50%        N/A       3%          5
x - Summon Blazeheart Go  Fire/Summ      44%        N/A       1%          4
X - Anguish               Hex/Necr       24%        N/A       1%          4

Your spell library contained the following spells:

 Spells                   Type           Power      Damage    Failure   Level
 Foxfire                  Conj/Fire      88%        2x1d8     1%          1
 Kiss of Death            Conj/Necr      100%       2d13      1%          1
 Necrotise                Necr           100%       1d9       1%          1
 Summon Small Mammal      Summ           100%       N/A       1%          1
 Call Imp                 Summ           100%       N/A       1%          2
 Cigotuvi's Dreadful Rot  Necr/Alch/Air  64%        N/A       1%          2
 Fugue of the Fallen      Necr           51%        N/A       1%          3
 Vampiric Draining        Necr           51%        2d9       1%          3
 Martyr's Knell           Necr/Summ      53%        N/A       1%          4
 Static Discharge         Conj/Air       44%        3-5/arc   3%          2
 Freeze                   Ice            48%        1d6       5%          1
 Airstrike                Air            16%        2d(3-19)  7%          4
 Lesser Beckoning         Tloc           24%        N/A       9%          2
 Frozen Ramparts          Ice            24%        1d4       17%         3
 Gell's Gravitas          Tloc           12%        N/A       17%         3
 Hailstorm                Conj/Ice       12%        3d6       17%         3
 Ozocubu's Armour         Ice            12%        N/A       17%         3
 Teleport Other           Tloc           12%        N/A       17%         3
 Manifold Assault         Tloc           12%        N/A       50%         4
 Curse of Agony           Necr           51%        N/A       2%          5
 Summon Cactus Giant      Summ           27%        N/A       10%         6
 Summon Forest            Summ/Tloc      17%        N/A       16%         5
 Haunt                    Necr/Summ      26%        N/A       54%         7
 Plasma Beam              Fire/Air       16%        2x1d27    73%         6
 Starburst                Conj/Fire      11%        6d5       97%         6
 Borgnjor's Revivificati  Necr           25%        N/A       99%         8
 Infestation              Necr           25%        N/A       99%         8
 Death's Door             Necr           25%        N/A       100%        9

Inventory:

Jewellery
 k - an amulet of magic regeneration
 y - an amulet of faith (around neck) {!P}
 N - a ring of positive energy (right paw)
 S - a +6 ring of strength
 W - a ring of willpower (left paw)
Wands
 b - a wand of acid (5)
 f - a wand of roots (2)
 h - a wand of paralysis (8)
 m - a wand of mindburst (13)
 p - a wand of flame (13)
 w - a wand of digging (9)
 A - a wand of polymorph (3)
Scrolls
 d - a scroll of amnesia
 e - 2 scrolls of identify {@r1}
 g - 6 scrolls of teleportation {@r2}
 j - 2 scrolls of revelation
 l - a scroll of silence {!r}
 q - 4 scrolls of immolation
 t - a scroll of summoning
 x - 2 scrolls of vulnerability
Potions
 a - 2 potions of magic
 c - a potion of ambrosia
 i - a potion of attraction
 n - 4 potions of enlightenment
 o - 4 potions of lignification
 r - 6 potions of might
 s - 3 potions of haste {@q3}
 v - a potion of mutation
 B - a potion of invisibility {unknown}

Dungeon Overview and Level Annotations

Branches:
Dungeon (11/15)            Temple (1/1) D:6            Lair (5/5) D:10
 Shoals (0/4) Lair:3        Snake (0/4) Lair:2        Slime (0/5) Lair:4
    Orc (2/2) D:11            Elf (0/3) Orc:2        Bailey (visited)

Altars:
Ashenzari
Cheibriados
Dithmenos
Elyvilon
Fedhas
Gozag
Hepliaklqana
Kikubaaqudgha
Makhleb
Nemelex Xobeh
Okawaru
Qazlal
Ru
Sif Muna
Trog
Uskayaw
Vehumet
Wu Jian
Xom
Yredelemnul
Zin
The Shining One

Shops:
D:2 :   D:3 [   D:7 *   D:9 =   D:11 [   Orc:2 *!

Portals:
Hell: Lair:5

Annotations:
D:7 2 transporters, CraigForest's ghost, novice DrSh; Grum
D:8 6 transporters
Lair:5 1 exclusion

.▒▒ ▒▒)..▒▒▒.##.. ..▒▒ ▒.▒
▒▒)▒o▒▒▒.).[.. ...▒▒ ...▒
▒▒...▒▒▒.[.##.. ....▒▒▒...▒▒
▒▒..3▒▒▒)..##... .▒▒..▒▒▒...▒▒
▒▒.o3▒▒▒..▒▒#.#.. .▒▒▒..▒▒▒...▒▒
▒▒..§▒▒▒[)▒▒▒.....
..▒▒▒..▒▒▒...▒▒▒...▒▒▒))▒▒▒...#..
...▒▒▒..▒▒..).▒....▒▒.)▒▒▒.#.#...
....▒▒▒..▒.▒÷..§@▒.▒).▒▒▒.......#
....#▒▒▒.....)S§...))▒▒▒.........
......▒▒▒...▒.▒.▒..)▒▒▒..........
.......▒▒▒....)....▒▒▒.#.........
........▒▒▒..▒.▒..▒▒▒..Z....#....
.........▒▒▒.....▒▒▒#.Z.....#....
.)......##▒▒▒∩.∩▒▒▒#.Z.......#...
.))....#...▒▒▒.▒▒▒..Z..#.........
.)..........▒▒▒▒▒..Z.......#.....


You could see an orc high priest, a smoke demon (summoned, ally target) and a
friendly mana viper (summoned).


Message History

The orc high priest is wracked by anguish!
The smoke demon gestures at you. The ball of steam hits you!
* * * LOW HITPOINT WARNING * * *
Unknown command.
Okay, then.
Unknown command.
Unknown command.
Unknown command.
You feel better.
You are engulfed in a cloud of scalding steam.
* * * LOW HITPOINT WARNING * * *
You feel less invigorated.
Unknown command.
Aiming: Mindburst
Press: ? - help, Shift-Dir - straight line, f - orc high priest
Aim: an orc high priest, wielding a +0 hand axe and wearing a +0 chain mail (chance to affect: 29%)
Okay, then.
Unknown command.
Unknown command.
Casting: Borgnjor's Vile Clutch (dangerous; 7% risk of failure)
Confirm with . or Enter, or press ? or * to list all spells.
A mana viper appears with a sibilant hiss.
You are engulfed in a cloud of scalding steam.
* * * LOW HITPOINT WARNING * * *
Your familiar recovers from its injuries.
The smoke demon gestures at you. Beogh smites you!
You die...
Kikubaaqudgha rasps: "You have failed me!
Welcome... death!"

Skill      XL: |  1  2  3  4  5  6  7  8  9 10 11 12 13 14 |
---------------+-------------------------------------------+-----
Spellcasting   | 3 4 5 7 8 9 11 12 | 12.0
Summonings     | 5 6 7 8 9 10 11 | 11.0
Fire Magic     | 1 2 3 4 5 |  5.0
Dodging        | 4 6 7 9 10 | 10.0
Stealth        | 5 6 8 10 | 10.0
Fighting       | 2 4 5 6 8 10 | 10.0
Necromancy     | 2 4 5 6 8 10 | 10.1
Air Magic      | 1 3 4 5 |  5.0
Hexes          | 4 6 8 |  8.0
Earth Magic    | 2 4 5 |  5.0

Action                     |  1- 3 |  4- 6 |  7- 9 | 10-12 | 13-15 || total
---------------------------+-------+-------+-------+-------+-------++-------
  Melee: Unarmed           |    60 |     8 |    37 |    33 |    52 ||   190
         Bite              |     3 |     1 |     8 |     2 |     4 ||    18
         Punch             |       |     1 |     1 |       |     1 ||     3
   Cast: Summon Small Mamm |    59 |    34 |    41 |    68 |    28 ||   230
         Call Canine Famil |     8 |    25 |    33 |    51 |    36 ||   153
         Summon Blazeheart |       |       |    30 |    75 |    25 ||   130
         Summon Lightning  |       |       |       |    12 |    20 ||    32
         Animate Dead      |       |       |       |    13 |    22 ||    35
         Anguish           |       |       |       |    15 |    77 ||    92
         Summon Mana Viper |       |       |       |       |    32 ||    32
         Airstrike         |       |       |       |       |     1 ||     1
         Borgnjor's Vile C |       |       |       |       |     2 ||     2
 Invoke: Receive Forbidden |       |       |       |       |     1 ||     1
         Unearth Wretches  |       |       |       |       |    14 ||    14
  Evoke: Wand              |       |       |     5 |     1 |     3 ||     9
    Use: Potion            |     2 |       |     1 |     2 |     4 ||     9
         Scroll            |       |       |    10 |    14 |     4 ||    28
   Stab: Sleeping          |     1 |     1 |       |       |       ||     2
         Distracted        |     1 |       |       |     2 |       ||     3
         Paralysed         |       |       |    11 |       |    20 ||    31
 Armour: Skin              |    58 |    11 |    48 |    79 |   111 ||   307
  Dodge: Dodged            |   126 |    28 |    86 |   166 |   139 ||   545

Levels and vault maps discovered:
D:1:      dpeg_arrival_rhombus, layout_basic, minmay_vboxes
D:2:      layout_loops_corners, serial_shops, shop
D:3:      layout_basic, mainiacjoe_overflow_brackets, serial_shops,
          nicolae_shop_gibbet_a_chance, minivault_23, minmay_distorted,
          uniq_terence
D:4:      layout_loops_ring, uniq_grinder
D:5:      layout_rooms, slow_altar_1, evilmike_ruin_ashenzari,
          nicolae_overflow_hidden_temple, kennysheep_generic_room_10
D:6:      layout_basic, lemuel_round_altar, mainiacjoe_overflow_catwalk,
          grunt_temple_overflow_open, minmay_temple_entry_glass, st_stairs_9,
          uniq_edmund
D:7:      layout_rooms, zin_purify, kennysheep_little_box, enter_bailey_3,
          gammafunk_ghost_gnarly_gnolls
D:8:      layout_gridville, nicolae_gozag_seed_capital, reono_crystal_passage,
          chequers_avenue, serial_nicolae_subway, nicolae_sub_station_stone,
          nicolae_sub_station_metal, nicolae_sub_station_crystal
D:9:      minmay_spotlight, layout_irregular_city, tgw_trog, serial_shops, shop
D:10:     layout_loops_ring, tso_altar, erik_lair_orcish_takeover
D:11:     layout_basic, david_orc_2, serial_shops, nicolae_stop_n_shop_2,
          gauntlet_entry_generic, serial_bayou, serial_bayou_pond_d,
          serial_bayou_pond_c, serial_bayou_lagoon_a, serial_bayou_crossing
Temple:   nicolae_temple_bog_church
Lair:1:   layout_cave_pods, minmay_hedge_maze, st_stairs_11, lemuel_fruit_tree,
          uniq_sonja
Lair:2:   layout_gridlike, nicolae_snake_entry_squirm,
          chequers_serial_rivers_large_b
Lair:3:   layout_regular_city, nicolae_shoals_entry_roost,
          nicolae_quartered_pool_impasse
Lair:4:   layout_small_grid, slime_entry_1
Lair:5:   evil_forest, layout_regular_city, lemuel_fruit_fields
Orc:1:    nicolae_orc_accident_2, layout_caves
Orc:2:    pf_orc_diabolical, layout_caves, special_room

Notes
Turn   | Place    | Note
-------+----------+-------------------------------------------
     0 | D:1      | Ruich the Felid Summoner began the quest for the Orb.
     0 | D:1      | Reached XP level 1. HP: 9/9 MP: 4/4
   212 | D:1      | Reached XP level 2. HP: 12/13 MP: 3/6
  1203 | D:1      | Gained mutation: You are partially covered in iridescent
                  | scales. (AC +2) [potion of mutation]
  1223 | D:1      | Reached XP level 3. HP: 8/16 MP: 4/8
  1428 | D:2      | Found Xujigomo's Book Shoppe.
  1503 | D:2      | Learned a level 3 spell: Call Canine Familiar
  1927 | D:2      | Reached skill level 3 in Spellcasting
  2575 | D:3      | Reached XP level 4. HP: 21/21 MP: 3/9
  2575 | D:3      | Gained a life (2 lives remaining)
  2576 | D:3      | Found Jovoz's Armour Shop.
  2771 | D:3      | Learned a level 4 spell: Summon Blazeheart Golem
  2848 | D:3      | You fall into a shaft and drop 2 floors!
  2848 | D:5      | Entered Level 5 of the Dungeon
  2876 | D:5      | Found a snail-covered altar of Cheibriados.
  2904 | D:5      | Noticed a two-headed ogre
  2919 | D:5      | Found a broken altar of Ashenzari.
  2974 | D:5      | Noticed a water moccasin
  2992 | D:5      | Reached skill level 5 in Summonings
  3066 | D:5      | Found a burning altar of Makhleb.
  3090 | D:4      | Noticed Grinder
  3146 | D:4      | Reached skill level 1 in Fire Magic
  3154 | D:4      | Reached XP level 5. HP: 23/24 MP: 6/11
  3341 | D:3      | Found a hide-covered altar of Uskayaw.
  3446 | D:3      | Noticed Terence
  3490 | D:3      | Killed Terence
  4246 | D:4      | Noticed an ogre
  4264 | D:4      | Killed an ogre
  4265 | D:4      | Reached skill level 4 in Spellcasting
  4265 | D:4      | Reached skill level 2 in Fire Magic
  4265 | D:4      | Gained mutation: You are covered in thick fur. (AC +2)
                  | [Felid growth]
  4265 | D:4      | Reached XP level 6. HP: 28/28 MP: 11/13
  4783 | D:4      | Killed Grinder
  4784 | D:4      | Reached skill level 6 in Summonings
  4784 | D:4      | Reached skill level 3 in Fire Magic
  4784 | D:4      | Reached XP level 7. HP: 32/32 MP: 5/14
  4869 | D:5      | Killed a two-headed ogre
  4870 | D:5      | Reached skill level 5 in Spellcasting
  4870 | D:5      | Reached skill level 7 in Summonings
  4870 | D:5      | Reached skill level 4 in Fire Magic
  4870 | D:5      | Reached XP level 8. HP: 12/36 MP: 15/17
  5179 | D:5      | Oneirical: thank you for choosing my guide in your
                  | greatplayer quest!
  5179 | D:5      | Oneirical: i wish you the best of luck!
  5179 | D:5      | Ruich: what up onei!
  5179 | D:5      | Ruich: congrats on the WR
  5328 | D:5      | Reached skill level 6 in Spellcasting
  5868 | D:6      | Oneirical: thank you!!
  5868 | D:6      | Oneirical: i wasn't even trying to be honest
  5868 | D:6      | Oneirical: my cat just got very op
  5868 | D:6      | Ruich: lucky run
  5868 | D:6      | Oneirical: then i won and i was like "woah 40 mins"
  5883 | D:6      | Found a blossoming altar of Fedhas.
  5901 | D:6      | Noticed Edmund
  5922 | D:6      | Killed Edmund
  5923 | D:6      | Reached skill level 5 in Fire Magic
  5940 | D:6      | Found a staircase to the Ecumenical Temple.
  5950 | Temple   | Entered the Ecumenical Temple
  5971 | Temple   | Became a worshipper of Kikubaaqudgha
  6068 | D:6      | Reached skill level 8 in Summonings
  6219 | D:6      | Found an iron altar of Okawaru.
  6280 | D:6      | Found a sparkling altar of Nemelex Xobeh.
  6282 | D:6      | Found a white marble altar of Elyvilon.
  6338 | D:7      | Noticed Grum
  6426 | D:7      | Reached skill level 7 in Spellcasting
  6426 | D:7      | Reached XP level 9. HP: 39/39 MP: 14/20
  6514 | D:7      | Identified the ring of Eheinn {rN+ Dex+6}
  6532 | D:7      | Found Zin's Purification Station.
  6540 | D:7      | Found a glowing silver altar of Zin.
  6777 | D:7      | Found a hazy altar of Hepliaklqana.
  6798 | D:7      | Found a flagged portal.
  6803 | D:7      | Reached * piety under Kikubaaqudgha
  6803 | D:7      | Received a gift from Kikubaaqudgha
  6855 | Bailey   | Entered a bailey
  6872 | Bailey   | Reached skill level 9 in Summonings
  6982 | D:7      | Found a transporter.
  6983 | D:7      | Found a transporter.
  7010 | D:7      | Noticed CraigForest's ghost (novice DrSh)
  7097 | D:7      | Learned a level 4 spell: Animate Dead
  7133 | D:8      | Found an opulent altar of Gozag.
  7247 | D:8      | Reached skill level 3 in Dodging
  7247 | D:8      | Reached skill level 3 in Stealth
  7480 | D:8      | Reached skill level 1 in Fighting
  7480 | D:8      | Reached skill level 1 in Necromancy
  7713 | D:8      | Found a transporter.
  7737 | D:8      | Found a transporter.
  7739 | D:8      | Found a transporter.
  7748 | D:8      | Found a transporter.
  7772 | D:8      | Found a transporter.
  7849 | D:8      | Found a transporter.
  7914 | D:8      | Reached skill level 4 in Stealth
  7915 | D:8      | Reached ** piety under Kikubaaqudgha
  7920 | D:8      | Killed from afar by an orc priest
  7920 | D:8      | Lost a life (1 life remaining)
  7941 | D:8      | Reached skill level 2 in Fighting
  7941 | D:8      | Reached skill level 4 in Dodging
  8092 | D:9      | Learned a level 4 spell: Summon Lightning Spire
  8110 | D:9      | Reached skill level 2 in Necromancy
  8160 | D:9      | HP: 2/43 [gnoll sergeant/+0 trident (14)]
  8164 | D:9      | Slain by a shadow
  8164 | D:9      | Lost a life (0 lives remaining)
  8192 | D:9      | Noticed a two-headed ogre
  8193 | D:9      | Reached skill level 8 in Spellcasting
  8202 | D:9      | Killed a two-headed ogre
  8203 | D:9      | Reached skill level 5 in Stealth
  8203 | D:9      | Reached skill level 1 in Air Magic
  8203 | D:9      | Reached XP level 10. HP: 43/48 MP: 9/23
  8203 | D:9      | Gained a life (1 life remaining)
  8280 | D:9      | Reached skill level 3 in Fighting
  8280 | D:9      | Reached skill level 5 in Dodging
  8297 | D:9      | Reached skill level 3 in Necromancy
  8342 | D:9      | HP: 1/49 [poisoned by a gnoll sergeant]
  8348 | D:9      | HP: 2/49 [poisoned by a gnoll sergeant]
  8349 | D:9      | Succumbed to a gnoll sergeant's poison
  8349 | D:9      | Lost a life (0 lives remaining)
  8677 | D:9      | Reached skill level 2 in Air Magic
  9011 | D:9      | Found Goitiexesm's Jewellery Boutique.
  9019 | D:9      | Bought an amulet of faith for 480 gold pieces
  9202 | D:9      | Noticed a moth of wrath
  9250 | D:9      | Reached *** piety under Kikubaaqudgha
  9250 | D:9      | Received a gift from Kikubaaqudgha
  9564 | D:9      | Reached skill level 6 in Stealth
  9741 | D:9      | Found a bloodstained altar of Trog.
  9825 | D:9      | Reached skill level 6 in Dodging
  9960 | D:10     | Entered Level 10 of the Dungeon
  9980 | D:10     | Found a staircase to the Lair.
 10256 | D:10     | Reached skill level 4 in Fighting
 10602 | D:10     | Reached skill level 4 in Necromancy
 10602 | D:10     | Reached skill level 3 in Air Magic
 10622 | D:10     | HP: 1/49 [orc/+0 heavy war axe (17)]
 10812 | D:10     | Noticed a two-headed ogre
 10819 | D:10     | Reached skill level 10 in Summonings
 10837 | D:10     | Killed a two-headed ogre
 10838 | D:10     | Reached XP level 11. HP: 22/53 MP: 7/24
 10838 | D:10     | Gained a life (1 life remaining)
 11060 | D:10     | Reached skill level 7 in Stealth
 11548 | D:10     | Found a glowing golden altar of the Shining One.
 11612 | Lair:1   | Entered Level 1 of the Lair of Beasts
 11780 | Lair:1   | Learned a level 5 spell: Borgnjor's Vile Clutch
 11785 | Lair:1   | Learned a level 4 spell: Anguish
 11951 | Lair:1   | Reached skill level 1 in Hexes
 12199 | Lair:1   | Reached **** piety under Kikubaaqudgha
 12312 | Lair:1   | Reached skill level 7 in Dodging
 12397 | Lair:1   | Noticed Sonja
 12436 | Lair:1   | Reached skill level 1 in Earth Magic
 12687 | Lair:1   | Reached skill level 2 in Hexes
 12825 | Lair:1   | Killed Sonja
 12826 | Lair:1   | Reached skill level 5 in Fighting
 13106 | Lair:2   | Reached skill level 4 in Air Magic
 13150 | Lair:2   | Reached skill level 9 in Spellcasting
 13157 | Lair:2   | Reached skill level 5 in Necromancy
 13161 | Lair:2   | Reached skill level 3 in Hexes
 13376 | Lair:2   | Reached skill level 8 in Stealth
 13376 | Lair:2   | Reached skill level 2 in Earth Magic
 13514 | Lair:2   | Found a staircase to the Snake Pit.
 14010 | Lair:2   | Reached ***** piety under Kikubaaqudgha
 14223 | Lair:3   | Found a staircase to the Shoals.
 14223 | Lair:3   | Noticed a harpy
 14242 | Lair:3   | Killed a harpy
 14243 | Lair:3   | Reached skill level 4 in Hexes
 14243 | Lair:3   | Gained mutation: Your thick and shaggy fur keeps you warm.
                  | (AC +3, rC+) [Felid growth]
 14243 | Lair:3   | Reached XP level 12. HP: 38/60 MP: 15/26
 14335 | Lair:3   | Reached skill level 8 in Dodging
 14517 | Lair:3   | Noticed a death yak
 14518 | Lair:3   | Noticed a death yak
 14527 | Lair:3   | Noticed a death yak
 14527 | Lair:3   | Noticed a death yak
 14529 | Lair:3   | Killed a death yak
 14531 | Lair:3   | Killed a death yak
 14532 | Lair:3   | Reached skill level 3 in Earth Magic
 14542 | Lair:3   | Killed a death yak
 14554 | Lair:3   | Killed a death yak
 14555 | Lair:3   | Reached skill level 6 in Fighting
 14555 | Lair:3   | Reached skill level 9 in Stealth
 14555 | Lair:3   | Reached skill level 5 in Hexes
 14803 | Lair:3   | Reached skill level 5 in Air Magic
 15064 | Lair:3   | Reached skill level 6 in Necromancy
 15697 | Lair:4   | Found a staircase to the Slime Pits.
 16100 | Lair:4   | Reached skill level 11 in Summonings
 16106 | Lair:4   | Reached skill level 6 in Hexes
 16109 | Lair:4   | Reached skill level 9 in Dodging
 16120 | Lair:4   | Reached skill level 4 in Earth Magic
 16456 | Lair:4   | Noticed a five-headed hydra
 16466 | Lair:4   | Killed a five-headed hydra
 16855 | Lair:4   | Reached skill level 10 in Stealth
 16855 | Lair:4   | Reached XP level 13. HP: 17/66 MP: 8/27
 16855 | Lair:4   | Gained a life (2 lives remaining)
 17240 | Lair:5   | Entered Level 5 of the Lair of Beasts
 17385 | Lair:5   | Reached skill level 7 in Fighting
 17385 | Lair:5   | Reached skill level 7 in Hexes
 17426 | Lair:5   | Reached skill level 10 in Spellcasting
 17669 | Lair:5   | Reached skill level 7 in Necromancy
 17791 | Lair:5   | Reached skill level 10 in Dodging
 17806 | Lair:5   | HP: 3/100 [elephant (11)]
 17810 | Lair:5   | Killed by an exploding blazeheart core
 17810 | Lair:5   | Lost a life (1 life remaining)
 17829 | Lair:5   | Reached skill level 5 in Earth Magic
 17926 | Lair:4   | Learned a level 4 spell: Airstrike
 18106 | Lair:5   | Reached skill level 8 in Hexes
 18112 | Lair:5   | Reached ****** piety under Kikubaaqudgha
 18152 | Lair:5   | Reached skill level 8 in Fighting
 18396 | Lair:5   | Reached skill level 8 in Necromancy
 18884 | Lair:5   | Learned a level 5 spell: Summon Mana Viper
 19254 | Lair:5   | Found a burning altar of Makhleb.
 19266 | Lair:5   | Reached skill level 11 in Spellcasting
 19539 | Lair:5   | Found a gateway to Hell.
 19635 | Lair:4   | Received a gift from Kikubaaqudgha (forbidden knowledge)
 19853 | D:11     | Found Sinkoph's Antique Armour Emporium.
 19880 | D:11     | Reached XP level 14. HP: 74/74 MP: 20/30
 19945 | D:11     | Reached skill level 9 in Fighting
 20471 | D:11     | Found a staircase to the Orcish Mines.
 20544 | D:11     | Reached skill level 9 in Necromancy
 20555 | D:11     | Learned a level 4 spell: Dispel Undead
 21454 | Orc:1    | Entered Level 1 of the Orcish Mines
 21476 | Orc:1    | Slain by a warg
 21476 | Orc:1    | Lost a life (0 lives remaining)
 22065 | Orc:2    | Entered Level 2 of the Orcish Mines
 22065 | Orc:2    | Found a staircase to the Elven Halls.
 24595 | Orc:2    | Found Syacsiuh's Distillery.
 24597 | Orc:2    | Found Gan Fez's General Store.
 24809 | Orc:2    | Reached skill level 10 in Fighting
 25087 | Orc:2    | Reached skill level 10 in Necromancy
 25246 | Orc:2    | Reached skill level 12 in Spellcasting
 25253 | Orc:2    | HP: 7/77 [something/ball of steam[an orc high priest] (15)]
 25255 | Orc:2    | Killed from afar by a smoke demon

Vanquished Creatures
  A hydra (Lair:5)
  A boulder beetle (D:11)
  3 death yaks (Lair:3)
  3 two-headed ogres
  2 orc high priests (Orc:2)
  A skyshark (Lair:3)
  A lindwurm (Lair:5)
  3 orc knights (Orc:2)
  A harpy (Lair:3)
  An orc sorcerer (Orc:2)
  2 elephants (Lair:5)
  A black mamba (Lair:3)
  3 kobold blastminers
  6 cane toads
  2 rime drakes (Lair:5)
  3 komodo dragons
  An ice devil (Lair:5)
  2 trolls
  5 blink frogs
  A shadow (D:9)
  17 yaks
  A basilisk (Lair:4)
  Edmund (D:6)
  A cane toad zombie (Lair:5)
  A naga (Lair:2)
  2 water moccasins
  8 orc warriors
  6 ogres (Orc:2)
  4 wolves
  A centaur (D:8)
  2 kobold brigands
  A bullfrog (Lair:2)
  A gnoll sergeant (D:7)
  6 wights
  4 yak zombies
  A howler monkey (D:9)
  A bullfrog zombie (Lair:2)
  2 orc priests
  A hound (D:6)
  5 orc wizards
  3 gnolls
  An orc zombie (Orc:1)
  A steam dragon zombie (Lair:2)
  A dart slug (D:2)
  3 orcs
  2 ball pythons (D:1)
  A goblin (D:1)
  5 jackals (D:1)
  2 quokkas (D:1)
  5 bats
  A frilled lizard (D:1)
  2 kobolds (D:8)
136 creatures vanquished.

Vanquished Creatures (collateral kills)
  A hydra (Lair:4)
  A catoblepas (Lair:5)
  A boulder beetle (Lair:5)
  A two-headed ogre (Orc:1)
  A death yak (Lair:3)
  An occultist (Lair:5)
  Sonja (Lair:1)
  A soul eater (Orc:2)
  3 orc knights
  A cyclops (D:11)
  An orc sorcerer (Orc:2)
  2 kobold blastminers (Orc:1)
  An elephant (Lair:5)
  2 smoke demons
  5 black mambas
  2 orange demons
  8 cane toads
  7 rime drakes
  An unseen horror (D:11)
  3 komodo dragons
  An ice devil (Lair:5)
  A troll (Orc:2)
  2 red devils (Lair:5)
  A hornet (D:9)
  2 blink frogs
  Grinder (D:4)
  2 shadows
  43 yaks
  7 basilisks
  3 wargs
  3 wyverns
  2 steam dragons
  An acid dragon (D:9)
  2 nagas (Lair:2)
  11 water moccasins
  3 hell hounds (Lair:5)
  12 orc warriors
  A black bear (D:8)
  5 ogres
  A centaur (D:8)
  3 wolves
  2 nameless horrors
  A kobold brigand (D:9)
  9 bullfrogs
  3 scorpions
  2 gnoll sergeants (D:9)
  6 wights
  3 howler monkeys (D:9)
  An electric eel (D:11)
  3 bombardier beetles
  A jelly (D:6)
  A gnoll bouda (D:8)
  17 orc priests
  5 hounds
  6 iguanas
  5 orc wizards
  Terence (D:3)
  7 gnolls
  2 adders
  2 ufetubi (D:7)
  A dart slug (D:1)
  3 ribbon worms
  47 orcs
  9 ball pythons
  7 endoplasms
  2 giant cockroaches
  6 goblins
  10 hobgoblins
  A jackal (D:1)
  2 quokkas
  3 bats
  3 frilled lizards
  9 kobolds
  7 rats
  2 butterflies (Lair:5)
340 creatures vanquished.

Vanquished Creatures (others)
  A boulder beetle (D:11)
  An orc high priest (Orc:2)
  2 skysharks
  A sixfirhy (Lair:5)
  3 orc knights (Orc:2)
  A lindwurm (Lair:5)
  2 orc sorcerers (Orc:2)
  A black mamba (Lair:5)
  A torpor snail (Lair:5)
  A cane toad (Lair:5)
  A death yak zombie (Lair:3)
  A rime drake (Lair:4)
  A troll (Orc:2)
  3 polar bears
  3 blink frogs (Lair:5)
  A hellwing (Orc:2)
  12 yaks
  2 wargs (Orc:1)
  3 cane toad zombies
  A two-headed ogre zombie (Orc:1)
  3 water moccasins
  A hell hound (Lair:5)
  A lindwurm zombie (Lair:5)
  An elephant zombie (Lair:5)
  22 orc warriors
  2 ogres
  4 blink frog zombies
  2 rime drake zombies (Lair:5)
  A komodo dragon zombie (Lair:3)
  2 water moccasin zombies
  23 yak zombies
  2 electric eels (D:11)
  2 bullfrog zombies
  2 orc priests (Orc:2)
  6 ogre zombies
  9 orcs
  39 orc zombies
  69 blazeheart cores
233 creatures vanquished.

Grand Total: 709 creatures vanquished

Table legend: (Time is in decaauts)
 A = Elapsed time spent in this place.
 B = Non-inter-level travel time spent in this place.
 C = Inter-level travel time spent in this place.
 D = Time resting spent in this place.
 E = Time spent auto-exploring this place.
 F = Levels seen in this place.
 G = Mean time per level.
                   A        B        C        D        E       F      G
               +--------+--------+--------+--------+--------+-----+--------+
         Total |  25334 |  24314 |   1020 |   8694 |   8265 |  20 | 1266.7 |
       Dungeon |  13202 |  12795 |    407 |   3879 |   5495 |  11 | 1200.2 |
        Temple |     43 |     23 |     20 |      0 |      0 |   1 |   43.0 |
          Lair |   8264 |   7872 |    392 |   2925 |   2570 |   5 | 1652.8 |
  Orcish Mines |   3802 |   3602 |    200 |   1890 |    200 |   2 | 1901.0 |
        Bailey |     21 |     21 |      0 |      0 |      0 |   1 |   21.0 |
               +--------+--------+--------+--------+--------+-----+--------+

Top non-repeatable levels by time:
   Orc:2: 3031 daAuts
     D:9: 2342 daAuts
  Lair:5: 2140 daAuts
  Lair:4: 1746 daAuts
    D:11: 1621 daAuts
  Lair:3: 1618 daAuts
  Lair:1: 1488 daAuts
     D:1: 1364 daAuts
  Lair:2: 1271 daAuts
    D:10: 1210 daAuts
     D:4: 1148 daAuts
     D:2: 1069 daAuts
     D:5: 1031 daAuts
     D:3: 1029 daAuts
     D:7: 869 daAuts

Table legend:
 A = Non-vault XP
 B = Vault XP
 C = Vault XP percentage of total XP
 D = Non-vault monster count
 E = Vault monster count
 F = Vault count percentage of total count
                 A         B        C        D         E       F
            +---------+---------+-------+---------+---------+-------
      Total |   60446 |   23351 |  27.9 |     367 |     135 |  26.9
            +---------+---------+-------+---------+---------+-------
        D:1 |      30 |      15 |  33.3 |      16 |      10 |  38.5
        D:2 |      44 |       0 |   0.0 |      18 |       0 |   0.0
        D:3 |      52 |      38 |  42.2 |      23 |       4 |  14.8
        D:4 |     290 |     258 |  47.1 |      12 |       1 |   7.7
        D:5 |    1210 |      48 |   3.8 |      10 |       1 |   9.1
        D:6 |     359 |     259 |  41.9 |       7 |       3 |  30.0
        D:7 |     841 |       8 |   0.9 |      18 |       4 |  18.2
        D:8 |    1192 |       0 |   0.0 |      28 |       0 |   0.0
        D:9 |    3625 |     879 |  19.5 |      29 |      13 |  31.0
       D:10 |    2366 |     482 |  16.9 |      11 |       8 |  42.1
       D:11 |    5760 |     147 |   2.5 |      21 |       7 |  25.0
     Lair:1 |    2458 |    1822 |  42.6 |      12 |       6 |  33.3
     Lair:2 |    4541 |     474 |   9.5 |      23 |       3 |  11.5
     Lair:3 |    9225 |     639 |   6.5 |      23 |       1 |   4.2
     Lair:4 |    8012 |       0 |   0.0 |      27 |       0 |   0.0
     Lair:5 |   15464 |    9615 |  38.3 |      51 |      24 |  32.0
      Orc:1 |    3654 |    1272 |  25.8 |      18 |       5 |  21.7
      Orc:2 |    1323 |    7273 |  84.6 |      20 |      44 |  68.8
     Bailey |       0 |     122 | 100.0 |       0 |       1 | 100.0
            +---------+---------+-------+---------+---------+-------
